Map: Equilibrium LE

Players

twotyQ

  • Race: Protoss Protoss
  • League: Diamond
  • Spawn Location: 1:00

SubN - Winner!

  • Race: Zerg Zerg
  • League: Diamond
  • Spawn Location: 11:00

VOD

Have the link to the VOD?

Description

Time

  • Played on: Dec. 21, 2023, 7:06 p.m.
  • Length: 8:00
Show
View Real Time Build Order
Export as new Build Order

twotyQ Protoss 

Build Orders: 1 Gate Expand, Zealot Archon, Colossus Rush, Dark Templar Rush 

Get SALT Encoding   

  12  0:00  Probe  
  13  0:12  Probe  
  14  0:17  Pylon  
  14  0:24  Probe  
  15  0:37  Gateway  
  15  0:38  Probe (Chrono Boost)  
  16  0:47  Probe (Chrono Boost)  
  16  0:49  Assimilator  
  17  0:52  Probe (Chrono Boost)  
  18  1:04  Probe  
  19  1:16  Probe  
  20  1:27  Nexus  
  20  1:37  Cybernetics Core  
  20  1:39  Probe  
  21  1:51  Probe  
  22  1:57  Pylon  
  22  2:00  Assimilator  
  22  2:03  Probe  
  23  2:14  Warp Gate  
  23  2:15  Probe, Adept  
  26  2:27  Probe  
  26  2:39  Probe  
  26  2:40  Probe  
  26  2:43  Twilight Council  
  28  2:45  Adept  
  30  2:52  Probe x2  
  32  3:04  Probe x2  
  34  3:07  Robotics Facility  
  34  3:16  Probe x2  
  36  3:21  Resonating Glaives (Chrono Boost)  
  36  3:28  Probe x2, Assimilator  
  38  3:34  Adept  
  38  3:40  Probe  
  38  3:41  Probe  
  42  3:52  Probe  
  42  3:53  Probe  
  42  3:54  Assimilator  
  44  3:56  Dark Shrine  
  44  4:04  Probe  
  44  4:08  Observer  
  46  4:11  Pylon  
  46  4:22  Probe x2  
  46  4:35  Probe x2  
  46  4:44  Pylon  
  46  4:47  Probe x2  
  48  4:56  Robotics Bay  
  48  4:59  Probe x2  
  50  5:02  Charge  
  50  5:11  Probe x2  
  50  5:12  Nexus  
  52  5:14  Pylon  
  52  5:18  Pylon  
  52  5:22  Gateway x2  
  52  5:23  Probe x2  
  52  5:25  Gateway, Dark Templar  
  56  5:33  Forge  
  56  5:35  Probe x2  
  57  5:38  Robotics Facility  
  57  5:46  Colossus (Chrono Boost), Shield Battery  
  57  5:47  Shield Battery, Probe x2  
  65  5:50  Shield Battery  
  65  5:51  Extended Thermal Lance  
  65  5:57  Assimilator  
  65  5:59  Probe x2  
  67  6:12  Forge  
  67  6:15  Dark Templar  
  63  6:32  Dark Templar x2  
  67  6:33  Probe  
  67  6:34  Probe  
  67  6:36  Observer  
  70  6:52  Nexus  
  70  6:54  Pylon x2  
  70  6:55  Pylon  
  70  6:59  Pylon  
  70  7:01  Pylon  
  70  7:12  Probe x2  
  70  7:13  Zealot x2  
  70  7:14  Zealot x2  
  86  7:17  Pylon  
  86  7:24  Gateway, Probe x2  
  86  7:26  Gateway  
  88  7:30  Assimilator  
  88  7:36  Probe  
  89  7:40  Probe  
  96  7:47  Archon  
  96  7:48  Probe, Archon  
Show
View Real Time Build Order
Export as new Build Order

SubN Zerg - Winner!

Build Orders: Hatch First 

Get SALT Encoding   

  12  0:00  Drone  
  13  0:12  Overlord  
  13  0:16  Drone  
  14  0:30  Drone x2  
  16  0:50  Hatchery  
  16  0:51  Drone  
  16  0:55  Drone  
  17  0:59  Drone  
  17  1:01  Extractor  
  17  1:13  Spawning Pool  
  17  1:17  Drone  
  17  1:20  Drone  
  18  1:31  Drone  
  19  1:38  Drone  
  20  1:50  Overlord  
  20  2:03  Queen x2  
  20  2:05  Zergling x2  
  20  2:07  Drone  
  26  2:12  Metabolic Boost  
  26  2:14  Drone  
  27  2:17  Drone  
  27  2:21  Drone  
  29  2:35  Drone x3  
  32  2:48  Zergling x2  
  32  2:49  Zergling x2  
  34  2:53  Queen  
  34  2:56  Overlord  
  36  3:00  Overlord  
  36  3:12  Lair  
  36  3:27  Drone x9  
  36  3:29  Queen  
  36  3:31  Extractor  
  36  3:32  Extractor  
  45  3:46  Roach Warren  
  45  3:48  Drone x2, Evolution Chamber  
  43  3:49  Drone  
  43  3:51  Evolution Chamber  
  43  3:52  Overlord  
  45  3:57  Drone  
  46  4:03  Drone  
  46  4:07  Queen  
  46  4:09  Drone x3  
  52  4:11  Drone x2  
  52  4:27  Roach x2  
  52  4:29  Drone  
  57  4:31  Drone  
  57  4:36  Queen  
  58  4:38  Glial Reconstitution  
  58  4:40  Zerg Missile Weapons Level 1  
  58  4:41  Zerg Ground Armor Level 1  
  58  4:50  Overlord x2  
  58  4:51  Overlord  
  58  5:09  Roach x5  
  58  5:10  Roach x3  
  74  5:17  Overseer  
  74  5:26  Ravager x2  
  74  5:28  Roach  
  78  5:44  Drone  
  79  5:53  Ravager x2  
  79  5:55  Overlord x3  
  81  6:00  Hatchery  
  80  6:07  Overlord  
  78  6:35  Overseer  
  78  6:38  Roach x9  
  96  6:44  Pneumatized Carapace  
  96  6:47  Drone  
  96  6:50  Overseer  
  97  6:54  Overlord x2  
  97  6:57  Overseer  
  97  7:16  Drone  
  97  7:17  Drone x6  
  104  7:30  Zergling x12  
  112  7:38  Spore Crawler  
  112  7:40  Drone x3  
Tags
 
Add a new tag
Caveats
  • Supply blocks, unpowered buildings, or Contaminate may cause inaccurate times.
  • Supply counts are checked every 10 seconds.